 Dungeon Crawl Stone Soup version 0.31-a0-948-gf5be29c462 (webtiles) character file.

Game seed: 6538319643191095228

33917 Flugkiller the Convoker (level 13, -4/104 HPs)
             Began as a Demigod Necromancer on Oct 21, 2023.
             Slain by a shadow (28 damage)
             ... in a Gauntlet.
             The game lasted 00:44:52 (19476 turns).

Flugkiller the Convoker (Demigod Necromancer)      Turns: 19476, Time: 00:44:53

Health: -4/104     AC: 12    Str:  9    XL:     13   Next: 10%
Magic:  18/26      EV: 19    Int: 29    God:
Gold:   765        SH:  6    Dex: 21    Spells: 1/24 levels left

rFire   + + .        X - +2 long sword (freeze)
rCold   + + .        V - +1 buckler {rC+}
rNeg    . . .        W - +0 robe {rC+ rF+}
rPois   +            j - +0 helmet
rElec   .            x - +0 cloak
rCorr   .            I - +2 pair of gloves
SInv    .            O - +0 pair of boots
Will    +....        s - amulet of magic regeneration
Stlth   ++           p - +4 ring of protection
HPRegen 0.37/turn    Q - ring "Dyplid" {rPois rF+ Dex+3}
MPRegen 0.60/turn

%: no teleportation
@: studying Ranged Weapons
A: high MP 1, forlorn, divine attributes
a: no special abilities


You were in a Gauntlet.
You visited 2 branches of the dungeon, and saw 15 of its levels.
You also visited: Gauntlet and Ice Cave.

You collected 803 gold pieces.
You spent 38 gold pieces at shops.

Inventory:

Hand Weapons
 l - a +2 dagger of speed
   (You found it on level 2 of the Dungeon)
 o - a +4 heavy quarterstaff
   (You found it on level 9 of the Dungeon)
 u - a +0 lajatang
   (You found it on level 2 of the Dungeon)
 X - a +2 long sword of freezing (weapon)
   (You took it off a necromancer in an ice cave)
Missiles
 v - a throwing net
 P - a curare-tipped dart
Armour
 c - +0 steam dragon scales
   (You found it on level 6 of the Dungeon)
 j - a +0 helmet (worn)
   (You found it on level 2 of the Dungeon)
 n - a +0 buckler
   (You found it on level 8 of the Dungeon)
 x - a +0 cloak (worn)
   (You found it on level 3 of the Dungeon)
 C - a +1 robe of fire resistance
   (You took it off Sigmund on level 4 of the Dungeon)
 I - a +2 pair of gloves (worn)
   (You found it on level 6 of the Dungeon)
 O - a +0 pair of boots (worn)
   (You found it on level 9 of the Dungeon)
 R - a +0 troll leather armour
   (You found it on level 9 of the Dungeon)
 V - a +1 buckler of cold resistance (worn)
   (You found it in an ice cave)
 W - a +0 robe of resistance (worn)
   (You found it in an ice cave)
Magical Staves
 L - a staff of poison
   (You found it on level 7 of the Dungeon)
Jewellery
 a - a ring of resist corrosion
   (You found it on level 2 of the Dungeon)
 p - a +4 ring of protection (left hand)
   (You found it on level 8 of the Dungeon)
 s - an amulet of magic regeneration (around neck)
   (You took it off a wight on level 9 of the Dungeon)
 Q - the ring "Dyplid" (right hand) {rPois rF+ Dex+3}
   (You took it off an orc wizard on level 9 of the Dungeon)

   [ring of poison resistance]

   Dex+3:     It affects your dexterity (+3).
   rF+:       It protects you from fire.
   rPois:     It protects you from poison
 S - a +6 ring of dexterity
   (You found it on level 10 of the Dungeon)
 T - a ring of magical power
   (You found it on level 10 of the Dungeon)
Wands
 y - a wand of quicksilver (7)
   (You found it on level 10 of the Dungeon)
 E - a wand of flame (3)
   (You found it on level 5 of the Dungeon)
 F - a wand of digging (5)
   (You found it on level 5 of the Dungeon)
 K - a wand of roots (14)
   (You found it on level 6 of the Dungeon)
 N - a wand of paralysis (4)
   (You found it on level 11 of the Dungeon)
Scrolls
 g - 2 scrolls of revelation
 h - a scroll of torment {unknown}
 i - a scroll of fog
 m - 3 scrolls of amnesia
 t - 6 scrolls of teleportation
 w - 2 scrolls of fear
 z - 4 scrolls of blinking
 B - 4 scrolls of immolation
 H - a scroll of vulnerability
 U - a scroll of silence {unknown}
 Z - 2 scrolls of poison
Potions
 b - a potion of magic
 d - 3 potions of might
 e - a potion of brilliance {unknown}
 f - 2 potions of berserk rage
 k - 3 potions of attraction
 q - 4 potions of curing
 A - 3 potions of enlightenment
 D - a potion of heal wounds {unknown}
 G - a potion of invisibility {unknown}
 J - a potion of resistance {unknown}
 M - 3 potions of lignification
Miscellaneous
 r - a phial of floods (inert)
   (You found it in a Gauntlet)


   Skills:
 + Level 6.9 Fighting
 + Level 10.1 Dodging
 - Level 1.7 Stealth
 - Level 6.0 Spellcasting
 - Level 15.1 Summonings
 - Level 7.0 Necromancy
 - Level 2.0 Evocations


You had one spell level left.
You knew the following spells:

 Your Spells              Type           Power      Damage    Failure   Level
a - Necrotise             Necr           100%       1d9       1%          1
b - Vampiric Draining     Necr           49%        2d9       1%          3
c - Call Imp              Summ           100%       N/A       1%          2
d - Summon Lightning Spi  Summ/Air       51%        N/A       3%          4
e - Summon Cactus Giant   Summ           38%        N/A       2%          6
f - Monstrous Menagerie   Summ           38%        N/A       14%         7

Your spell library contained the following spells:

 Spells                   Type           Power      Damage    Failure   Level
 Freeze                   Ice            32%        1d5       9%          1
 Magic Dart               Conj           32%        1d4       9%          1
 Sublimation of Blood     Necr           49%        N/A       1%          2
 Animate Armour           Summ/Erth      100%       N/A       3%          4
 Summon Ice Beast         Ice/Summ       51%        N/A       3%          4
 Animate Dead             Necr           49%        N/A       4%          4
 Dispel Undead            Necr           49%        3d18      4%          4
 Cigotuvi's Dreadful Rot  Necr/Pois/Air  44%        N/A       5%          2
 Summon Forest            Summ/Tloc      25%        N/A       11%         5
 Summon Mana Viper        Hex/Summ       51%        N/A       11%         5
 Blink                    Tloc           16%        N/A       13%         2
 Ensorcelled Hibernation  Hex/Ice        16%        N/A       13%         2
 Lesser Beckoning         Tloc           16%        N/A       13%         2
 Momentum Strike          Conj/Tloc      16%        3d8       13%         2
 Passwall                 Tmut/Erth      6%         N/A       13%         2
 Poisonous Vapours        Pois/Air       16%        N/A       13%         2
 Agony                    Necr           49%        N/A       14%         5
 Anguish                  Hex/Necr       14%        N/A       21%         4
 Gell's Gravitas          Tloc           8%         N/A       26%         3
 Mephitic Cloud           Conj/Pois/Air  8%         N/A       26%         3
 Ozocubu's Armour         Ice            8%         N/A       26%         3
 Swiftness                Air            8%         N/A       26%         3
 Teleport Other           Tloc           8%         N/A       26%         3
 Borgnjor's Vile Clutch   Necr/Erth      14%        N/A       50%         5
 Death Channel            Necr           24%        N/A       58%         6
 Freezing Cloud           Conj/Ice/Air   4%         6-21      94%         5
 Lee's Rapid Deconstruct  Erth           4%         3d5*      94%         5
 Metabolic Englaciation   Hex/Ice        4%         N/A       94%         5
 Simulacrum               Ice/Necr       14%        N/A       97%         6
 Dispersal                Tloc           4%         N/A       100%        6
 Infestation              Necr           24%        N/A       100%        8


Dungeon Overview and Level Annotations

Branches:
Dungeon (13/15) Zot: 26105  Temple (0/1) D:4            Lair (2/5) D:8 Zot: 10320
 Spider (0/4) Lair:2          Orc (0/2) D:10          IceCv (visited)
Gauntlet (1/1) Zot: 5786
  Swamp: Lair:2-3    Shoals: Lair:2-3    Vaults: D:13-14

Shops:
D:2 !(   D:3 !   D:4 *   D:7 :   D:10 (

Annotations:
D:1 exclusion: downstairs
D:2 1 runed translucent door, exclusion: adder, Crazy Yiuf
D:3 2 transporters
D:9 4 runed translucent doors, Dirtsage's ghost, journeyman HOFi Gauntlet 11 transporters, 3 runed translucent doors, exclusion: oklob plant


Innate Abilities, Weirdness & Mutations

You have an increased reservoir of magic. (+10% MP)
You shall have no god before yourself.
Your divine heritage dramatically boosts your attributes as you level up.


Message History

Unknown command.
Casting: Monstrous Menagerie (dangerous; 14% risk of failure)
Confirm with . or Enter, or press ? or * to list all spells.
You summon a manticore!
The shadow slips into darkness.
The shadow flickers and vanishes!
Something hits your manticore.
The shadow strikes at your manticore from the darkness!
Reactivating autopickup.
Unknown command.
Deactivating autopickup; reactivate with Ctrl-A.
You slash something!
Something closely misses your manticore.
The shadow strikes at you from the darkness!
Reactivating autopickup.
The shadow hits your manticore.
Your manticore bites the shadow.
Your manticore misses the shadow.
Your manticore claws the shadow.
You hit the shadow but do no damage.
The shadow is almost destroyed.
You block the shadow's attack. Something hits your manticore.
The shadow barely misses your manticore.
Your manticore bites the shadow!
The shadow is destroyed!
Something hits your manticore!
The shadow slips into darkness.
The shadow flickers and vanishes!
Deactivating autopickup; reactivate with Ctrl-A.
Unknown command.
You closely miss the shadow.
Your manticore completely misses the shadow.
Your manticore claws the shadow. x2; The shadow completely misses you.
Something hits your manticore.
The shadow strikes at your manticore from the darkness!
Reactivating autopickup.
Your manticore bites the shadow but does no damage.
Your manticore barely misses the shadow.
Your manticore claws the shadow!
You hit the shadow.
The shadow is moderately damaged.
The shadow misses you. Something hits your manticore!
Your manticore dies!
Your manticore's corpse disappears in a puff of smoke!
The shadow slips into darkness.
The shadow flickers and vanishes!
Deactivating autopickup; reactivate with Ctrl-A.
The shadow imp grins evilly.
You hit something.
The shadow strikes at you from the darkness!
Reactivating autopickup.
Unknown command.
You slash the shadow!
The shadow is almost destroyed.
The shadow barely misses you.
The shadow slips into darkness.
The shadow flickers and vanishes!
Deactivating autopickup; reactivate with Ctrl-A.
You closely miss something.
The shadow strikes at you from the darkness!
Reactivating autopickup.
Your magical contamination has completely faded away.
Unknown command.
You hit the shadow but do no damage.
The shadow is almost destroyed.
The shadow slips into darkness.
The shadow flickers and vanishes!
Deactivating autopickup; reactivate with Ctrl-A.
The shadow strikes at you from the darkness!
* * * LOW HITPOINT WARNING * * *
Reactivating autopickup.
The shadow slips into darkness.
The shadow flickers and vanishes!
Deactivating autopickup; reactivate with Ctrl-A.
Okay, then.
Blink to where?
Press: ? - help, Dir - move target
As you read the scroll of blinking, it crumbles to dust.
Unknown command.
You feel better.
Aim the phial where?
Press: ? - help, Shift-Dir - straight line, f - shadow
Aim: a shadow (heavily damaged)
Your line of fire to the shadow is blocked by a withered plant.
Unknown command.
Aim the phial where?
Press: ? - help, Shift-Dir - straight line, f - withered plant, p - shadow
Aim: a withered plant The torrent of water hits the withered plant!
The withered plant begins to crumble.
The withered plant is lightly damaged.
The wave splashes down.
The shadow enters a dispersal trap!
The shadow blinks!
You blink.
Splash!
You fall into the shallow water.
Moving in this stuff is going to be slow.
The shadow blinks!
Unknown command.
The shadow slips into darkness.
The shadow flickers and vanishes!
The shadow enters a dispersal trap!
You blink.
The shadow blinks!
The shadow strikes at you from the darkness!
You die...

#..#...©...#.#p5:©.5.#.#!.#©#D(#.
≈..#############################.
##...#.©.........©.........©.#...
#≈...#...........©...........#...
###..#########################..#
#≈.........#....#....#.........≈
###........#...#.#...#........##
#≈#≈#§#..#.§#{©{#..#..#≈#≈#≈#
#######..#^#~@#X.#.#..#######
#≈..##~~#~#§.##..§#
#######..#..#P§§#..#..#######
#≈#≈#≈#..#^#~~#..#^#..#≈#≈#≈#
###........##~.#.#..##........##
#≈.........#..#.W.#!=#.........≈
###..#########################..#
#≈...#...........©...........#...
##...#.©.........©.........©.#...


You could see a nameless horror and a shadow.

Vanquished Creatures
  A hydra (Lair:1)
  Pikel (D:4)
  An ugly thing (D:9)
  An elephant (D:7)
  An anaconda simulacrum (IceCv)
  A troll (D:9)
  A hornet (D:11)
  2 blink frogs (Lair:1)
  Sigmund (D:4)
  A yak (D:6)
  2 wyverns
  A dire elephant simulacrum (IceCv)
  3 steam dragons
  2 basilisks
  A death yak simulacrum (IceCv)
  3 water moccasins
  An ice beast (D:5)
  2 wolves (Lair:1)
  3 centaurs
  2 ogres
  A lemure (D:5)
  A phantom (D:7)
  4 nameless horrors
  A kobold brigand (D:7)
  6 bullfrogs
  4 scorpions
  2 wights
  3 killer bees
  2 electric eels (Lair:1)
  3 howler monkeys
  A jelly (D:5)
  7 hounds
  A gnoll bouda (D:5)
  2 iguanas
  2 orc priests
  Natasha (thrice) (D:2)
  2 orc wizards
  3 sleepcaps
  A polar bear simulacrum (IceCv)
  A wolf simulacrum (IceCv)
  8 gnolls
  7 adders
  2 shadow imps
  A white imp (D:3)
  3 ufetubi (D:6)
  A dart slug (D:2)
  11 orcs
  8 endoplasms
  A giant cockroach (D:4)
  2 goblins
  6 hobgoblins
  4 jackals
  7 quokkas
  6 ball pythons
  4 bats
  3 frilled lizards
  11 kobolds
  7 rats
173 creatures vanquished.

Vanquished Creatures (collateral kills)
  A centaur warrior (D:9)
  7 two-headed ogres
  An arcanist (Gauntlet)
  A necromancer (IceCv)
  An ugly thing (IceCv)
  A manticore (D:12)
  An oklob plant (Lair:2)
  3 elephants (Lair:2)
  A black mamba (Lair:1)
  An ice statue (IceCv)
  4 cane toads
  A rime drake (Lair:1)
  2 kobold demonologists
  5 freezing wraiths (IceCv)
  A tengu conjurer (D:11)
  11 ice devils (IceCv)
  An anaconda simulacrum (IceCv)
  A polar bear (Lair:1)
  A queen bee (D:10)
  A troll (D:11)
  5 blink frogs (Lair:1)
  2 hornets (D:9)
  A shadow (Gauntlet)
  2 wyverns
  A dire elephant simulacrum (IceCv)
  15 yaks
  2 vampires
  4 basilisks
  2 wraiths (D:10)
  3 death yak simulacra (IceCv)
  A steam dragon (D:6)
  4 water moccasins
  2 hydra simulacra (IceCv)
  A black bear (D:8)
  6 orc warriors
  2 ice beasts
  5 wolves (Lair:1)
  5 centaurs
  A phantom (D:5)
  A lemure (D:5)
  4 kobold brigands
  3 nameless horrors
  Blork the orc (D:5)
  4 bullfrogs
  A cane toad simulacrum (IceCv)
  3 two-headed ogre simulacra
  10 wights
  5 elephant simulacra (IceCv)
  16 killer bees
  2 howler monkeys
  An electric eel (Lair:1)
  4 orc priests
  A jelly (D:6)
  2 gnoll boudas
  A hound (D:5)
  3 iguanas
  6 orc wizards
  7 polar bear simulacra (IceCv)
  A spriggan simulacrum (D:11)
  4 troll simulacra
  A wolf simulacrum (IceCv)
  8 gnolls
  2 adders
  3 naga simulacra
  2 white imps
  A dart slug (D:5)
  20 orcs
  2 goblins
  2 jackals
  15 kobolds
246 creatures vanquished.

Grand Total: 419 creatures vanquished

Notes
Turn   | Place    | Note
-------+----------+-------------------------------------------
     0 | D:1      | Flugkiller the Demigod Necromancer began the quest for the
                  | Orb.
     0 | D:1      | Reached XP level 1. HP: 14/14 MP: 5/5
   228 | D:1      | Reached XP level 2. HP: 20/20 MP: 4/7
   695 | D:2      | Found a runed translucent door.
   696 | D:2      | Noticed Crazy Yiuf
   830 | D:2      | Found Jicuh's Weapon Boutique.
   933 | D:2      | Found Pacaed's Distillery.
   993 | D:2      | Reached XP level 3. HP: 26/26 MP: 3/8
  1087 | D:2      | Noticed Natasha
  1097 | D:2      | Killed Natasha
  1118 | D:2      | Learned a level 3 spell: Vampiric Draining
  1243 | D:2      | Reached skill level 1 in Fighting
  1254 | D:2      | Identified the +2 hand axe of the Enchanting Firefly
                  | {freeze, Dex+7}
  1500 | D:2      | Noticed Natasha
  1519 | D:2      | Killed Natasha
  1520 | D:2      | Reached XP level 4. HP: 27/35 MP: 2/9
  1717 | D:2      | Noticed Natasha
  1726 | D:2      | Killed Natasha
  1727 | D:2      | Reached skill level 5 in Necromancy
  1884 | D:3      | Found Lalyi's Distillery.
  1960 | D:3      | Reached XP level 5. HP: 34/41 MP: 1/10
  2177 | D:3      | Found a transporter.
  2440 | D:3      | Found a transporter.
  2827 | D:4      | Found a staircase to the Ecumenical Temple.
  3150 | D:4      | Noticed Sigmund
  3172 | D:4      | Killed Sigmund
  3173 | D:4      | Reached XP level 6. HP: 36/48 MP: 4/11
  3262 | D:4      | Found Zanacae's Assorted Antiques.
  3376 | D:4      | Bought a scroll labelled WOTTYM BAETA for 19 gold pieces
  3376 | D:4      | Bought a scroll labelled WIAPPA YBOUTS for 19 gold pieces
  3565 | D:5      | Entered Level 5 of the Dungeon
  3615 | D:5      | Reached XP level 7. HP: 54/55 MP: 8/13
  3940 | D:5      | Noticed a two-headed ogre
  4000 | D:5      | Noticed Blork the orc
  4131 | D:5      | Killed a two-headed ogre
  4132 | D:5      | Reached XP level 8. HP: 47/63 MP: 9/15
  4136 | D:5      | Learned a level 2 spell: Call Imp
  4312 | D:5      | Identified the +1 dagger "Nimyse" {drain, Str+4}
  4359 | D:5      | Reached skill level 1 in Summonings
  4387 | D:4      | Reached skill level 2 in Summonings
  4574 | D:5      | Killed Blork the orc
  4712 | D:5      | Reached skill level 3 in Summonings
  4743 | D:5      | Noticed Pikel
  5274 | D:4      | Killed Pikel
  5275 | D:4      | Reached skill level 5 in Summonings
  5275 | D:4      | Reached XP level 9. HP: 42/69 MP: 4/18
  5852 | D:5      | Learned a level 4 spell: Summon Lightning Spire
  5953 | D:6      | Reached skill level 6 in Summonings
  6480 | D:6      | Reached skill level 7 in Summonings
  7168 | D:6      | Reached skill level 8 in Summonings
  7588 | D:7      | Found Ahikel's Tremendous Tomes.
  8231 | D:7      | Reached skill level 9 in Summonings
  8529 | D:7      | Found Ahikel's Tremendous Tomes.
  8564 | D:7      | Reached XP level 10. HP: 53/77 MP: 1/19
  9668 | D:8      | Found a staircase to the Lair.
  9669 | D:8      | Noticed an elephant
  9695 | D:7      | Killed an elephant
  9696 | D:7      | Reached skill level 10 in Summonings
  9860 | D:7      | Learned a level 6 spell: Summon Cactus Giant
 10552 | D:8      | Noticed a death knight
 10691 | D:8      | Reached skill level 11 in Summonings
 10829 | D:9      | Found a large runed translucent door.
 10829 | D:9      | Found a large runed translucent door.
 11013 | D:9      | Noticed a centaur warrior
 11019 | D:9      | Killed a centaur warrior
 11149 | D:9      | Noticed a two-headed ogre
 11157 | D:9      | Killed a two-headed ogre
 11200 | D:9      | Noticed a red ugly thing
 11306 | D:9      | Reached skill level 12 in Summonings
 11390 | D:9      | Noticed a nameless horror
 11409 | D:9      | Killed a nameless horror
 11802 | D:9      | Found a large runed translucent door.
 11802 | D:9      | Found a large runed translucent door.
 11899 | D:9      | Noticed Dirtsage's ghost (journeyman HOFi)
 12056 | D:9      | Found a large runed translucent door.
 12057 | D:9      | Found a large runed translucent door.
 12102 | D:9      | Reached XP level 11. HP: 54/82 MP: 10/20
 12265 | D:9      | Identified the ring "Dyplid" {rPois rF+ Dex+3}
 12542 | D:9      | Reached skill level 13 in Summonings
 12641 | D:9      | Noticed a nameless horror
 12662 | D:9      | Noticed a sun demon
 12678 | D:9      | Killed a nameless horror
 12886 | D:10     | Entered Level 10 of the Dungeon
 13058 | D:10     | Found a staircase to the Orcish Mines.
 13092 | D:10     | Found Fafawus's Weapon Shop.
 13468 | D:10     | Noticed a nameless horror
 13481 | D:10     | Killed a nameless horror
 13575 | D:10     | Noticed a two-headed ogre
 13582 | D:10     | Killed a two-headed ogre
 13583 | D:10     | Reached skill level 14 in Summonings
 13698 | D:10     | Noticed a two-headed ogre
 13710 | D:10     | Killed a two-headed ogre
 13829 | IceCv    | Identified the "Goliah"
 13829 | IceCv    | Identified the of Tynaxist
 14005 | D:11     | Noticed a two-headed ogre
 14012 | D:11     | Killed a two-headed ogre
 14095 | D:11     | You fall into a shaft and drop 2 floors!
 14101 | D:12     | Noticed a deep elf pyromancer
 14221 | D:11     | Found a frozen archway.
 14247 | D:11     | Noticed a two-headed ogre
 14259 | D:11     | Killed a two-headed ogre
 14260 | D:11     | Reached skill level 5 in Fighting
 14267 | IceCv    | Entered an ice cave
 14620 | IceCv    | Reached XP level 12. HP: 94/94 MP: 16/21
 16520 | IceCv    | Reached skill level 15 in Summonings
 17493 | D:11     | Reached skill level 5 in Spellcasting
 17628 | Lair:1   | Entered Level 1 of the Lair of Beasts
 18395 | Lair:1   | Noticed a five-headed hydra
 18409 | Lair:1   | Killed a six-headed hydra
 18985 | Lair:2   | Learned a level 7 spell: Monstrous Menagerie
 19015 | Lair:2   | Reached XP level 13. HP: 103/103 MP: 26/26
 19202 | Lair:2   | Reached skill level 10 in Dodging
 19245 | Lair:2   | Found a gate leading to a gauntlet.
 19268 | Gauntlet | Entered a Gauntlet
 19268 | Gauntlet | Found a transporter.
 19268 | Gauntlet | Found a transporter.
 19277 | Gauntlet | Found a transporter.
 19289 | Gauntlet | Found a transporter.
 19307 | Gauntlet | Found a transporter.
 19307 | Gauntlet | Found a transporter.
 19309 | Gauntlet | Found a transporter.
 19309 | Gauntlet | Found a transporter.
 19310 | Gauntlet | Found a transporter.
 19322 | Gauntlet | Found a transporter.
 19337 | Gauntlet | Found a transporter.
 19346 | Gauntlet | Found a runed translucent gate.
 19347 | Gauntlet | Found a transporter.
 19347 | Gauntlet | Found a runed translucent gate.
 19348 | Gauntlet | Found a runed translucent gate.
 19361 | Gauntlet | Found a transporter.
 19395 | Gauntlet | Found a transporter.
 19476 | Gauntlet | Slain by a shadow

Illustrated notes

Levels and vault maps discovered:
D:1:      roadster_arrival_rocket_large, layout_rooms
D:2:      layout_basic, serial_shops, nicolae_shop_just_a_little_nook,
          nicolae_shop_advertising_works [nicolae_subvault_shop_adworks],
          uniq_natasha, uniq_crazy_yiuf_cottage
D:3:      gammafunk_wand_slinger, layout_rooms, serial_shops, shop,
          minmay_misc_feat_encased, mrwooster_statue_mirror, eino_tiny_chamber
D:4:      layout_cave_pools, nemelex_diamond_rough_becter,
          chequers_temple_overflow_statue_of_worship,
          minmay_temple_entry_water_ring, serial_shops,
          nicolae_shop_tiny_waterfront, uniq_sigmund
D:5:      cheibrodos_fzero, layout_rooms, mainiacjoe_overflow_24_doors,
          kennysheep_donut, uniq_pikel, uniq_blork_the_orc
D:6:      layout_loops_ring, minmay_manual_monstrance
D:7:      layout_basic, grunt_ministairs_8, nicolae_shop_i_like_big_books,
          minmay_ruined_shrine
D:8:      layout_loops_ring, david_lair_generic, minmay_misc_feat_hallway,
          wad_dig_loot
D:9:      layout_basic, hellmonk_okawaru_the_only_friend_you_need,
          nicolae_overflow_two_pavilions, ebering_ghost_disaster_area,
          minmay_hollow_rounded_squares
D:10:     layout_loops_cross, kennysheep_mini, david_orc_4, serial_shops,
          shop_fountains, skrybe_limestone_x, nicolae_looking_at_the_future
D:11:     layout_basic, portal_ice_cave_entry_ice_simulacra
D:12:     layout_cave_pools, serial_shops, nicolae_shop_tiny_waterfront,
          nicolae_danse_macabre
D:13:     layout_roguey, uniq_sonja, uniq_lodul
Lair:1:   layout_gridlike, pdpol_lair_cavern_descent
Lair:2:   layout_roguey, spider_nest_entry_funnel_web, gauntlet_entry_generic,
          serial_bayou_pond_d, serial_bayou_shore_b
Gauntlet: gammafunk_gauntlet_mixed_choke_point [minmay_gauntlet_arena_77_museum,
          minmay_gauntlet_arena_77_block_sizes, minmay_gauntlet_arena_77_braids,
          gammafunk_gauntlet_arena_arrow_garden,
          minmay_gauntlet_arena_77_run_for_it,
          minmay_gauntlet_arena_77_squiggly, minmay_gauntlet_arena_77_checkered,
          gauntlet_exit_watery]

Skill      XL: |  1  2  3  4  5  6  7  8  9 10 11 12 13 |
---------------+----------------------------------------+-----
Necromancy     | 4 5 6 7 |  7.0
Dodging        | 2 4 6 8 9 10 | 10.1
Fighting       | 1 2 3 5 6 |  6.9
Spellcasting   | 2 4 6 |  6.0
Evocations     | 2 |  2.0
Summonings     | 5 9 12 14 15 | 15.1
Stealth        | |  1.7

Action                     |  1- 3 |  4- 6 |  7- 9 | 10-12 | 13-15 || total
---------------------------+-------+-------+-------+-------+-------++-------
  Melee: Dagger            |    11 |    29 |   205 |       |       ||   245
         Punch             |       |       |     2 |     3 |       ||     5
         Falchion          |       |       |       |   196 |       ||   196
         Long sword        |       |       |       |    88 |    16 ||   104
   Cast: Necrotise         |    78 |   103 |   138 |     2 |       ||   321
         Vampiric Draining |       |     1 |    27 |    17 |       ||    45
         Call Imp          |       |       |    52 |     2 |       ||    54
         Summon Lightning  |       |       |    20 |    26 |       ||    46
         Summon Cactus Gia |       |       |       |   120 |       ||   120
         Monstrous Menager |       |       |       |     1 |    14 ||    15
  Evoke: Wand              |       |       |     2 |    20 |       ||    22
         Phial of floods   |       |       |       |       |     1 ||     1
    Use: Scroll            |     1 |     9 |     4 |     7 |     3 ||    24
         Potion            |     1 |       |       |     2 |     1 ||     4
   Stab: Distracted        |       |       |     2 |     5 |       ||     7
 Armour: Robe              |    10 |    32 |   114 |   136 |    16 ||   308
         Steam dragon scal |       |       |    43 |   122 |       ||   165
         Troll leather arm |       |       |       |   107 |       ||   107
  Dodge: Dodged            |    18 |    33 |   224 |   401 |    16 ||   692
  Block: Buckler           |       |       |       |    54 |     7 ||    61

Table legend: (Time is in decaauts)
 A = Elapsed time spent in this place.
 B = Non-inter-level travel time spent in this place.
 C = Inter-level travel time spent in this place.
 D = Time resting spent in this place.
 E = Time spent auto-exploring this place.
 F = Levels seen in this place.
 G = Mean time per level.
                   A        B        C        D        E       F      G
               +--------+--------+--------+--------+--------+-----+--------+
         Total |  19554 |  18847 |    707 |   6274 |   7124 |  17 | 1150.2 |
       Dungeon |  14991 |  14314 |    677 |   4235 |   6133 |  13 | 1153.2 |
          Lair |   1680 |   1651 |     29 |    505 |    589 |   2 |  840.0 |
      Ice Cave |   2671 |   2671 |      0 |   1522 |    265 |   1 | 2671.0 |
      Gauntlet |    211 |    211 |      0 |     11 |    137 |   1 |  211.0 |
               +--------+--------+--------+--------+--------+-----+--------+

Top non-repeatable levels by time:
   IceCv: 2671 daAuts
     D:7: 2410 daAuts
     D:9: 2126 daAuts
     D:5: 1743 daAuts
     D:6: 1603 daAuts
     D:2: 1426 daAuts
  Lair:1: 1367 daAuts
     D:4: 1363 daAuts
    D:11: 1052 daAuts
    D:10: 978 daAuts
     D:8: 921 daAuts
     D:3: 696 daAuts
     D:1: 625 daAuts
  Lair:2: 312 daAuts
Gauntlet: 211 daAuts
